 Dungeon Crawl Stone Soup version 0.21-a0-215-g0631661 (webtiles) character file.

8 Alarkh the Grave Robber (level 2, 15/19 HPs)
             Began as a Demonspawn Necromancer on Aug 22, 2017.
             Got out of the dungeon alive.
             The game lasted 00:01:19 (641 turns).

Alarkh the Grave Robber (Demonspawn Necromancer)     Turns: 641, Time: 00:01:20

Health: 15/19      AC:  4    Str:  8    XL:     2   Next: 0%
Magic:  5/5        EV: 12    Int: 16    God:
Gold:   17         SH:  0    Dex: 13    Spells: 4/5 levels left

rFire    . . .     SeeInvis .   h - +0 dagger
rCold    . . .     Gourm    .   (no shield)
rNeg     . . .     Faith    .   a - +0 robe
rPois    .         Spirit   .   (no helmet)
rElec    .         Reflect  .   (no cloak)
rCorr    .         Harm     .   (no gloves)
MR       .....                  (no boots)
Stlth    ++........             (no amulet)
HPRegen  0.06/turn              (no ring)
MPRegen  0.09/turn              (no ring)

@: no status effects
A: thin metallic scales 1
a: no special abilities


You escaped.
You were not hungry.

You visited 1 branch of the dungeon, and saw 1 of its levels.

You collected 17 gold pieces.

Inventory:

Hand Weapons
 h - a +0 dagger (weapon)
Armour
 a - a +0 robe (worn)
Potions
 d - 2 potions of invisibility {unknown}
Books
 b - a book of Necromancy

   Spells                             Type                      Level
   a - Pain                           Necromancy                   1
   b - Animate Skeleton               Necromancy                   1
   c - Vampiric Draining              Necromancy                   3
   d - Regeneration                   Charms/Necromancy            3
   e - Animate Dead                   Necromancy                   4
   f - Control Undead                 Necromancy                   4
Comestibles
 c - a bread ration
 f - 2 chunks of flesh


   Skills:
 - Level 1.7 Dodging
 - Level 1.7 Stealth
 + Level 2.3 Spellcasting
 + Level 4.6 Necromancy


You had 4 spell levels left.
You knew the following spells:

 Your Spells              Type           Power        Failure   Level  Hunger
a - Pain                  Necr           ###.         3%          1    #......


Dungeon Overview and Level Annotations

Branches:
Dungeon (1/15)

Altars:


Innate Abilities, Weirdness & Mutations

You are partially covered in thin metallic scales. (AC +2)


Message History

You don't have enough magic to cast that spell.
You hit the bat.
The bat is severely wounded.
The bat hits you but does no damage. The bat hits you.
The bat barely misses you.
You hit the bat.
You kill the bat!
You have reached level 2!
Your demonic ancestry asserts itself...
Thin metallic scales grow over part of your body.
Your magical contamination has completely faded away.
There is a stone staircase leading down here.
There is an open gate here.
There is an open door here.
There is an open door here.
There is an open door here.
There is a staircase leading out of the dungeon here.
Are you sure you want to leave the Dungeon?
This will make you lose the game!
You have escaped!

..#.# #.....#.# #............(.
.##.# #....#.## ######.........
.##.# ###....#..###### #.........
..#.###...#..........###.........
......#.##............##.........
###.#........^........>..........
#..#.......####################
##.........#.....#...≈≈≈≈...# #
###.......#..@..#..........###
##......#.....#..........#8.
#..#....#'#####..........'..
#..##...#.#♣♣.'..........'..
...###..#.#♣.♣#..........'..
#.#♣.♣#..........#8.
#.'.♣♣#..........### #♣#♣♣
#...≈≈≈≈(..# ############


There were no monsters in sight!

Vanquished Creatures
  A goblin (D:1)
  2 hobgoblins (D:1)
  4 bats (D:1)
  A frilled lizard (D:1)
  A rat (D:1)
9 creatures vanquished.

Notes
Turn   | Place    | Note
-------+----------+-------------------------------------------
     0 | D:1      | Alarkh the Demonspawn Necromancer began the quest for the Orb.
     0 | D:1      | Reached XP level 1. HP: 13/13 MP: 3/3
   582 | D:1      | Gained mutation: You are partially covered in thin metallic scales. (AC +2) [demonic ancestry]
   582 | D:1      | Reached XP level 2. HP: 12/19 MP: 0/5
   641 | D:$      | Got out of the dungeon alive.

Vault maps used:
D:1:      scummos_arrival_gate

Action                   || total
-------------------------++-------
Melee: Unarmed           ||     9
       Dagger            ||     5
 Cast: Pain              ||    15
  Use: Scroll            ||     1
Armor: Robe              ||    12
Dodge: Dodged            ||    27

Table legend:
 A = Spawn XP
 B = Non-spawn XP
 C = Spawn XP percentage of total XP
 D = Spawn monster count
 E = Non-spawn monster count
 F = Spawn count percentage of total count
 G = Total turns spent on level
                    A         B        C        D         E        F      G
               +---------+---------+-------+---------+---------+-------+---------
         Total |       1 |      11 |   8.3 |       1 |       8 |  11.1 |   641
               +---------+---------+-------+---------+---------+-------+---------
           D:1 |       1 |      11 |   8.3 |       1 |       8 |  11.1 |   641
               +---------+---------+-------+---------+---------+-------+---------
